 Dungeon Crawl Stone Soup version 0.28-a0-258-g8de209e91f (webtiles) character file.

Game seed: 7991994905198137103

2 aSlayers the Skirmisher (level 1, 0/18 HPs)
             Began as a Human Abyssal Knight on Aug 26, 2021.
             Was an Initiate of Lugonu.
             Slain by a goblin (1 damage)
             ... on level 1 of the Dungeon.
             The game lasted 00:00:16 (107 turns).

aSlayers the Skirmisher (Human Abyssal Knight)       Turns: 107, Time: 00:00:16

Health: 0/18       AC:  3    Str: 12    XL:     1   Next: 33%
Magic:  2/2        EV: 11    Int: 12    God:    Lugonu [......]
Gold:   0          SH:  0    Dex: 12    Spells: 0/0 levels left

rFire   . . .      SeeInvis .   a - +1 spear
rCold   . . .      Faith    .   (no shield)
rNeg    . . .      Spirit   .   b - +0 leather armour
rPois   .          Reflect  .   (no helmet)
rElec   .          Harm     .   (no cloak)
rCorr   .          Rampage  .   (no gloves)
Will    .....                   (no boots)
Stlth   +.........              (no amulet)
HPRegen 0.06/turn               (no ring)
MPRegen 0.08/turn               (no ring)

@: no status effects
A: no striking features
a: Renounce Religion


You were on level 1 of the Dungeon.
You worshipped Lugonu.
Lugonu was noncommittal.
You visited 1 branch of the dungeon, and saw 1 of its levels.
You visited the Abyss 1 time.

Inventory:

Hand Weapons
 a - a +1 spear (weapon)
Armour
 b - a +0 leather armour (worn)


   Skills:
 + Level 3.0 Fighting
 + Level 2.0 Polearms
 + Level 2.1 Armour
 + Level 1.0 Dodging
 + Level 2.0 Invocations


You couldn't memorise any spells.
You didn't know any spells.
Your spell library was empty.

Dungeon Overview and Level Annotations

Branches:
Dungeon (1/15)

Altars:


Message History

The hobgoblin hits you but does no damage.
You are too injured to fight recklessly!
You are too injured to fight recklessly!
You are too injured to fight recklessly!
You are too injured to fight recklessly!
You are too injured to fight recklessly!
You are too injured to fight recklessly!
You are too injured to fight recklessly!
You are too injured to fight recklessly!
You are too injured to fight recklessly!
You are too injured to fight recklessly!
You are too injured to fight recklessly!
You are too injured to fight recklessly!
You are too injured to fight recklessly!
You hit the endoplasm.
The endoplasm is moderately wounded.
The endoplasm freezes you.
You are frozen.
* * * LOW HITPOINT WARNING * * *
The goblin hits you but does no damage. The hobgoblin closely misses you.
You completely miss the endoplasm.
The endoplasm is moderately wounded.
The endoplasm freezes you.
You are frozen.
* * * LOW HITPOINT WARNING * * *
The goblin hits you with a +0 club.
* * * LOW HITPOINT WARNING * * *
The hobgoblin hits you but does no damage.
Unknown command.
Unknown command.
Unknown command.
You hit the endoplasm.
You kill the endoplasm!
Lugonu accepts your kill. The bat barely misses you.
The goblin barely misses you. The hobgoblin barely misses you.
Found a scroll labelled KOLAXI SIKIALODU.
The bat hits you but does no damage. The kobold completely misses you.
The goblin hits you with a +0 club.
You die...

...# ##.# ..##.##.
...####..+.. .?. .. ..
............ ...
#.##..#.##.. #..
#.....#.# #.# #..##.#.#
##.## #..##.#.#.. ##...#
......#.##...#bK..#
#.......###....g@g#####.
.(.......###..##........
##.###....######..######
#. #.#..........# #.
#.######.....# # ..[
##.##.# ##.# ### .# #)#
.# .. ##


You could see a hobgoblin, a goblin, a bat and a kobold.

Vanquished Creatures
  An endoplasm (D:1)
  A frilled lizard (D:1)
2 creatures vanquished.

Notes
Turn   | Place    | Note
-------+----------+-------------------------------------------
     0 | Abyss:1  | aSlayers the Human Abyssal Knight began the quest for the
                  | Orb.
     0 | Abyss:1  | Reached XP level 1. HP: 18/18 MP: 2/2
     0 | D:1      | Escaped the Abyss
   107 | D:1      | Slain by a goblin

Illustrated notes

Levels and vault maps discovered:
D:1:      eino_arrival_water_cross, layout_loops_corners, minmay_cupped

Action                   || total
-------------------------++-------
Melee: Spear             ||    11
Invok: Depart the Abyss  ||     1
Armor: Leather armour    ||     7
Dodge: Dodged            ||    13

Table legend: (Time is in decaauts)
 A = Elapsed time spent in this place.
 B = Non-inter-level travel time spent in this place.
 C = Inter-level travel time spent in this place.
 D = Time resting spent in this place.
 E = Time spent auto-exploring this place.
 F = Levels seen in this place.
 G = Mean time per level.
                   A        B        C        D        E       F      G
               +--------+--------+--------+--------+--------+-----+--------+
         Total |    106 |    106 |      0 |      0 |     88 |   2 |   53.0 |
       Dungeon |    106 |    106 |      0 |      0 |     88 |   1 |  106.0 |
         Abyss |      0 |      0 |      0 |      0 |      0 |   1 |    0.0 |
               +--------+--------+--------+--------+--------+-----+--------+

Top non-repeatable levels by time:
     D:1: 106 daAuts
